[Event "Titled Tuesday Blitz June 27 Late 2023"]
[White "Yoo, Christopher Woojin"]
[Black "Bolourchifard, Farzad"]
[WhiteFideId "30909694"]
[BlackFideId "12510084"]
[WhiteElo "2983"]
[BlackElo "2702"]
[Result "1-0"]
[Round "3"]
[TimeControl "180+2"]
[Date "2023.06.27"]
[WhiteClock "0:00:12"]
[BlackClock "0:00:05"]
[Board "19"]

1. d4 Nf6 2. Nf3 e6 3. Bf4 c5 4. e3 b6 5. Nbd2 Be7 6. Bd3 Ba6 7. Bxa6 Nxa6 8. O-O cxd4 9. exd4 O-O 10. Qe2 Nb4 11. c4 d5 12. Rfc1 dxc4 13. Nxc4 Nbd5 14. Bg3 Rc8 15. Nce5 Bd6 16. Nc6 Qd7 17. Bxd6 Qxd6 18. Nxa7 Rxc1+ 19. Rxc1 h6 20. Nb5 Qb4 21. g3 Ra8 22. a3 Qb3 23. Ne5 Nh7 24. Nd6 Rf8 25. h4 Nhf6 26. Nexf7 Nf4 27. gxf4 Rxf7 28. Nxf7 Kxf7 29. Rc7+ Kg6 30. h5+ Kh7 31. Rc3 Qd5 32. Qc2+ Kh8 33. Rc8+ Ng8 34. Qg6 Qxd4 35. Qf7 Qd1+ 36. Kh2 Qg4 37. Qxg8# 1-0


[Site "https://www.chess.com"]

[Event "Titled Tuesday Blitz June 27 Late 2023"]
[White "Fisher_TheGalactic"]
[Black "Korobov, Anton"]
[BlackFideId "14105730"]
[WhiteElo "2696"]
[BlackElo "2975"]
[Result "0-1"]
[Round "3"]
[TimeControl "180+2"]
[Date "2023.06.27"]
[WhiteClock "0:00:22"]
[BlackClock "0:01:45"]
[Board "20"]

1. e4 c5 2. Nf3 d6 3. Bc4 Nf6 4. d3 Nc6 5. O-O Bg4 6. h3 Bh5 7. Nbd2 e6 8. c3 Be7 9. Bb5 Rc8 10. d4 cxd4 11. cxd4 O-O 12. Bxc6 Rxc6 13. b3 d5 14. exd5 Nxd5 15. Bb2 Nf4 16. Nc4 Qd5 17. Ne3 Qe4 18. d5 exd5 19. Ng4 Nxh3+ 20. gxh3 Bxg4 21. Qd4 Bf6 22. Qxe4 dxe4 23. Bxf6 Bxf3 24. Be5 Rg6+ 25. Bg3 f5 0-1


[Site "https://www.chess.com"]

[Event "Titled Tuesday Blitz June 27 Late 2023"]
[White "Sanal, Vahap"]
[Black "Volkov, Maksim"]
[WhiteFideId "6300545"]
[BlackFideId "54123070"]
[WhiteElo "2973"]
[BlackElo "2693"]
[Result "1-0"]
[Round "3"]
[TimeControl "180+2"]
[Date "2023.06.27"]
[WhiteClock "0:02:07"]
[BlackClock "0:00:32"]
[Board "21"]

1. e4 c5 2. Nc3 d6 3. d4 cxd4 4. Qxd4 Nc6 5. Qd2 g6 6. b3 Bh6 7. f4 Nf6 8. Bb2 e5 9. g3 O-O 10. O-O-O Bg4 11. Be2 Bxe2 12. Ngxe2 Re8 13. Kb1 exf4 14. gxf4 Nxe4 15. Nxe4 Rxe4 16. Qc3 f6 17. Ng3 Rxf4 18. Bc1 Rh4 19. Bxh6 Rxh6 20. Ne4 g5 21. Rxd6 Qe7 22. Nxf6+ Kf7 23. Qc4+ Kf8 24. Qg8# 1-0


[Site "https://www.chess.com"]

[Event "Titled Tuesday Blitz June 27 Late 2023"]
[White "Korchmar, Vasiliy"]
[Black "Kevlishvili, Robby"]
[WhiteFideId "24131750"]
[BlackFideId "1040634"]
[WhiteElo "2690"]
[BlackElo "2962"]
[Result "0-1"]
[Round "3"]
[TimeControl "180+2"]
[Date "2023.06.27"]
[WhiteClock "0:00:00"]
[BlackClock "0:00:27"]
[Board "22"]

1. e4 c5 2. d4 cxd4 3. Qxd4 Nc6 4. Qd3 g6 5. Nc3 Bg7 6. Nf3 d6 7. Be2 Nf6 8. O-O O-O 9. Nd5 Bg4 10. c3 e6 11. Nxf6+ Bxf6 12. Bh6 Re8 13. Rfd1 Bxf3 14. Qxf3 Be5 15. Qg4 a5 16. a4 Qb6 17. Rd2 Bg7 18. Be3 Qc7 19. Rad1 Ne5 20. Qg3 Nc4 21. Bxc4 Qxc4 22. Rxd6 Qxa4 23. f3 Qb3 24. R1d2 a4 25. Rb6 Qa2 26. Rxb7 a3 27. Qc7 Rf8 28. bxa3 Qa1+ 29. Kf2 Bxc3 30. Re2 Rxa3 31. Rb8 Ra8 32. Rxf8+ Rxf8 33. Bd2 Be5 34. Qc4 Bxh2 35. Re1 Qb2 36. Re2 Qf6 37. g3 Rd8 38. Kg2 Bxg3 39. Kxg3 Rxd2 0-1


[Site "https://www.chess.com"]

[Event "Titled Tuesday Blitz June 27 Late 2023"]
[White "Sjugirov, Sanan"]
[Black "Prestia, Paris"]
[WhiteFideId "4189302"]
[BlackFideId "30925959"]
[WhiteElo "2940"]
[BlackElo "2685"]
[Result "1-0"]
[Round "3"]
[TimeControl "180+2"]
[Date "2023.06.27"]
[WhiteClock "0:00:14"]
[BlackClock "0:00:03"]
[Board "24"]

1. d4 Nf6 2. c4 e6 3. Nc3 d5 4. cxd5 exd5 5. Bg5 c6 6. e3 h6 7. Bh4 Bd6 8. Bd3 O-O 9. Nge2 Re8 10. Qc2 a5 11. Bg3 Na6 12. a3 Nc7 13. O-O Ne6 14. Bxd6 Qxd6 15. Ng3 g6 16. Rae1 Ng7 17. f3 h5 18. Qf2 Be6 19. h3 Rad8 20. Bc2 Nh7 21. Nge2 Nf8 22. e4 dxe4 23. fxe4 Re7 24. e5 Qc7 25. Ne4 Bf5 26. Nf6+ Kh8 27. Qf4 g5 28. Qc1 Bxc2 29. Qxc2 c5 30. Rc1 Rc8 31. Nd5 Qd8 32. Nxe7 Qxe7 33. b4 axb4 34. axb4 b6 35. bxc5 bxc5 36. Qe4 Nd7 37. Ng3 Qe6 38. Nf5 Nxf5 39. Qxf5 Qxf5 40. Rxf5 Kg7 41. Rxg5+ Kf8 42. Rxh5 Ke7 43. dxc5 Rc6 44. Rg5 Nxc5 45. e6 1-0


[Site "https://www.chess.com"]

[Event "Titled Tuesday Blitz June 27 Late 2023"]
[White "Gokerkan, Cem Kaan"]
[Black "Rodrigue-Lemieux, Shawn"]
[WhiteFideId "6336760"]
[BlackFideId "2620049"]
[WhiteElo "2685"]
[BlackElo "2939"]
[Result "0-1"]
[Round "3"]
[TimeControl "180+2"]
[Date "2023.06.27"]
[WhiteClock "0:00:00"]
[BlackClock "0:00:06"]
[Board "25"]

1. e4 c6 2. d4 d5 3. e5 Bf5 4. Nf3 e6 5. Be2 Bb4+ 6. c3 Ba5 7. O-O Nd7 8. Nbd2 Bc7 9. Ne1 f6 10. f4 Nh6 11. Ndf3 O-O 12. h3 Be4 13. Be3 Qe7 14. Nd2 Bg6 15. Bd3 Qf7 16. Qc2 Bxd3 17. Nxd3 Qg6 18. Rae1 Rf7 19. Nb4 Nf5 20. Bf2 a5 21. Nd3 Raf8 22. Nf3 h5 23. exf6 gxf6 24. Rxe6 Rg7 25. Nfe1 h4 26. Qd1 Nd6 27. Bxh4 Qf5 28. Re3 Ne4 29. Qe2 Kf7 30. g4 Rfg8 31. Ng2 Qh7 32. Nf2 f5 33. Nxe4 fxe4 34. Qf2 Bd8 35. Bxd8 Rxd8 36. f5 Rh8 37. Nf4 Rxg4+ 38. Rg3 Nf6 39. Rxg4 Nxg4 40. Qg3 Nf6 41. Kh2 Qh4 42. Qxh4 Rxh4 43. Ng6 Rh5 44. Kg3 Rg5+ 45. Kh2 e3 46. Ne5+ Ke7 47. h4 Rh5 48. Kh3 Ne4 49. Re1 Rxf5 50. Rxe3 Rf2 51. h5 Rxb2 52. h6 Kf6 53. Rf3+ Ke6 54. h7 Ng5+ 55. Kg4 Nxh7 56. Rf7 Nf6+ 57. Kg5 Ne4+ 58. Kg4 Rg2+ 0-1


[Site "https://www.chess.com"]

[Event "Titled Tuesday Blitz June 27 Late 2023"]
[White "Alex_Sahakyan2006"]
[Black "Dardha, Daniel"]
[BlackFideId "240990"]
[WhiteElo "2676"]
[BlackElo "2899"]
[Result "0-1"]
[Round "3"]
[TimeControl "180+2"]
[Date "2023.06.27"]
[WhiteClock "0:00:00"]
[BlackClock "0:00:19"]
[Board "26"]

1. e4 e6 2. d4 d5 3. Bd3 dxe4 4. Bxe4 Nf6 5. Bf3 c5 6. Ne2 Nc6 7. Be3 Nd5 8. Bxd5 Qxd5 9. Nbc3 Qh5 10. Nb5 cxd4 11. Nc7+ Ke7 12. Nxa8 dxe3 13. O-O Qe5 14. Qd3 Qb8 15. Rad1 Qxa8 16. Nd4 f6 17. Nxc6+ bxc6 18. Qd8+ Kf7 19. Rd7+ Kg6 20. Qe8+ Kh6 21. fxe3 a5 22. Rf3 g6 23. Rh3+ Kg5 24. Rg3+ Kf5 25. Rf7 Bb7 26. Rf3+ Ke5 27. Qd7 Bc5 28. R7xf6 Re8 29. Qc7+ Bd6 30. Qb6 c5 31. Rf2 Qa6 32. Qb3 c4 33. Qc3+ Kd5 34. Rd2+ Kc6 0-1


[Site "https://www.chess.com"]

[Event "Titled Tuesday Blitz June 27 Late 2023"]
[White "Chigaev, Maksim"]
[Black "Rosen, Eric"]
[WhiteFideId "4108116"]
[BlackFideId "2032562"]
[WhiteElo "2898"]
[BlackElo "2675"]
[Result "1-0"]
[Round "3"]
[TimeControl "180+2"]
[Date "2023.06.27"]
[WhiteClock "0:00:16"]
[BlackClock "0:00:03"]
[Board "27"]

1. e4 c5 2. Nf3 Nc6 3. d4 cxd4 4. Nxd4 g6 5. Nc3 Bg7 6. Be3 Nf6 7. Bc4 O-O 8. Bb3 Re8 9. f3 e6 10. f4 Nd5 11. Nxc6 Nxe3 12. Nxd8 Nxd1 13. Rxd1 Rxd8 14. e5 d5 15. Ne2 f6 16. exf6 Bxf6 17. c3 a5 18. Ba4 b5 19. Bxb5 Rb8 20. a4 Bd7 21. c4 Bxb2 22. Kf2 Ba3 23. Rd3 Bc5+ 24. Kf3 Bc8 25. Rhd1 Bb7 26. Kg3 Rf8 27. cxd5 Bxd5 28. Nc3 Bd6 29. Nxd5 exd5 30. Rxd5 Bxf4+ 31. Kh3 Kg7 32. Rd7+ Kh6 33. Ra7 Ra8 34. Rb7 Be5 35. Rdd7 Rh8 36. g3 Bc3 37. Re7 Rad8 38. Re4 Kg5 39. Rg4+ Kf6 40. Rf4+ Kg5 41. Rc7 Rd5 42. Rxc3 Kh6 43. Rh4+ Kg7 44. Rc7+ Kf6 45. Rhxh7 Rxh7+ 46. Rxh7 Kg5 47. Kg2 Rd2+ 48. Kf3 Ra2 49. h4+ Kf6 50. Ra7 Ra3+ 51. Kg4 Ra2 52. Ra6+ Kg7 53. Rxa5 Kh6 54. Ra6 Rb2 55. Be8 Rb4+ 56. Kh3 Rb1 57. Rxg6+ Kh7 58. Re6 Ra1 59. Bb5 Kg7 60. Re4 Kf6 61. Rf4+ Kg6 62. Kg4 Ra3 63. Be8+ Kg7 64. h5 Kh6 65. Bb5 Kg7 66. Kh4 Ra1 67. g4 Kh6 68. g5+ Kg7 69. h6+ Kh7 70. Bd3+ Kg8 71. g6 Rh1+ 72. Kg5 Rg1+ 73. Kf6 Rg2 74. Bc4+ Kh8 75. g7+ Kh7 76. Bd3+ Kxh6 77. Rh4# 1-0


[Site "https://www.chess.com"]

[Event "Titled Tuesday Blitz June 27 Late 2023"]
[White "Rustemov, Alexander"]
[Black "De La Villa Garcia, Jesus Maria"]
[WhiteFideId "4119002"]
[BlackFideId "2200040"]
[WhiteElo "2892"]
[BlackElo "2629"]
[Result "0-1"]
[Round "3"]
[TimeControl "180+2"]
[Date "2023.06.27"]
[WhiteClock "0:00:00"]
[BlackClock "0:00:47"]
[Board "28"]

1. d4 Nf6 2. c4 e6 3. Nf3 d5 4. Nc3 dxc4 5. e3 a6 6. a4 Bb4 7. Bxc4 b6 8. O-O Bb7 9. Qe2 O-O 10. Rd1 Nbd7 11. Na2 Bd6 12. Nc3 Bb4 13. Bd2 Qe7 14. h3 c5 15. Rac1 Rfd8 16. Nb1 Bxd2 17. Nbxd2 h6 18. Nb1 cxd4 19. Nxd4 Nc5 20. Nc3 Nfe4 21. Nxe4 Nxe4 22. Bd3 Nc5 23. Bc2 Qg5 24. f3 Rac8 25. Qf2 Qf6 26. b3 Nd7 27. Bd3 Nc5 28. Bc4 Rd7 29. Ne2 Rcd8 30. Rxd7 Rxd7 31. Ng3 Qd8 32. Nf1 Qg5 33. Qe2 a5 34. Rd1 Rxd1 35. Qxd1 g6 36. Qd4 Bxf3 37. g3 Bd5 38. Bxd5 exd5 39. h4 Qf5 40. Nd2 h5 41. Kg2 Qe6 42. Kf3 Qh3 43. Qe5 Qh1+ 44. Ke2 Qg2+ 45. Kd1 Nd3 46. Qe8+ Kg7 47. Kc2 Nb4+ 48. Kc3 Qxg3 49. Qd8 Qxe3+ 50. Kb2 Qxd2+ 51. Kb1 Qc2+ 0-1


[Site "https://www.chess.com"]

[Event "Titled Tuesday Blitz June 27 Late 2023"]
[White "HamedWafa4"]
[Black "Ibarra Jerez, Jose Carlos"]
[BlackFideId "2226332"]
[WhiteElo "2616"]
[BlackElo "2890"]
[Result "0-1"]
[Round "3"]
[TimeControl "180+2"]
[Date "2023.06.27"]
[WhiteClock "0:00:27"]
[BlackClock "0:01:34"]
[Board "29"]

1. e4 c5 2. Nf3 Nc6 3. Bb5 e6 4. Bxc6 bxc6 5. O-O Ne7 6. d3 Ng6 7. Re1 Be7 8. Nc3 e5 9. Ne2 O-O 10. Ng3 d6 11. Be3 f5 12. Nxf5 Bxf5 13. exf5 Rxf5 14. c3 Qd7 15. Nd2 Raf8 16. Nf1 d5 17. c4 d4 18. Bd2 Rxf2 19. Ng3 Nh4 20. Re2 R2f7 21. Ne4 Qg4 22. Kh1 Rf1+ 23. Qxf1 Rxf1+ 24. Rxf1 Qxe2 0-1


[Site "https://www.chess.com"]

[Event "Titled Tuesday Blitz June 27 Late 2023"]
[White "Aldokhin, Ivan"]
[Black "Mikaelyan, Arman"]
[WhiteFideId "24115720"]
[BlackFideId "13304852"]
[WhiteElo "2613"]
[BlackElo "2883"]
[Result "0-1"]
[Round "3"]
[TimeControl "180+2"]
[Date "2023.06.27"]
[WhiteClock "0:00:03"]
[BlackClock "0:01:15"]
[Board "30"]

1. e4 c5 2. Nf3 Nc6 3. d4 cxd4 4. Nxd4 g6 5. Nc3 Bg7 6. Be3 Nf6 7. Bc4 O-O 8. Bb3 Re8 9. O-O d6 10. h3 Na5 11. Re1 a6 12. Bg5 b5 13. Nd5 Bb7 14. Bxf6 exf6 15. c3 f5 16. f3 fxe4 17. fxe4 Nxb3 18. Nxb3 f5 19. Qd3 Qh4 20. Nc7 Rxe4 21. Rxe4 Bxe4 22. Qxd6 Rd8 23. Qe6+ Kh8 24. Nc5 Bxg2 25. Kxg2 Rd2+ 26. Kf1 Qf2# 0-1


[Site "https://www.chess.com"]

[Event "Titled Tuesday Blitz June 27 Late 2023"]
[White "Atanasov, Anthony"]
[Black "Horvath, Dominik"]
[WhiteFideId "2623897"]
[BlackFideId "1642561"]
[WhiteElo "2613"]
[BlackElo "2873"]
[Result "0-1"]
[Round "3"]
[TimeControl "180+2"]
[Date "2023.06.27"]
[WhiteClock "0:00:00"]
[BlackClock "0:00:42"]
[Board "31"]

1. d4 d5 2. Bf4 Nf6 3. e3 c5 4. Nf3 Nc6 5. Nbd2 Nh5 6. Be5 e6 7. c4 cxd4 8. Nxd4 Nf6 9. Nxc6 bxc6 10. cxd5 cxd5 11. Bxf6 gxf6 12. Bb5+ Bd7 13. Bxd7+ Qxd7 14. O-O Rb8 15. Qf3 f5 16. Nb3 Bg7 17. Qg3 O-O 18. Rac1 Rbc8 19. h4 Kh8 20. Nd4 Bf6 21. h5 Rg8 22. Qf3 Qa4 23. Rxc8 Rxc8 24. b3 Qxa2 25. Nxf5 exf5 26. Qxf5 Qa6 27. Qxd5 Qe6 28. Qf3 Bb2 29. Rb1 Qxb3 30. Qf5 Qc2 31. Qxc2 Rxc2 32. h6 Kg8 33. Rd1 Kf8 34. Rd7 a5 35. Ra7 Rc1+ 36. Kh2 Ra1 37. Kg3 a4 38. Kf4 a3 39. Kf5 Rc1 40. f4 Rc5+ 41. Kg4 Rc6 42. Kh5 Ke8 43. g4 Kd8 44. g5 Kc8 45. f5 Kd8 46. e4 Ke8 47. e5 Rc5 48. Ra8+ Kd7 49. Ra7+ Kc6 50. e6 fxe6 51. fxe6 Bf6 52. Ra6+ Kb7 53. e7 Bxe7 54. Re6 Rxg5+ 55. Kh4 Re5+ 56. Rxe7+ Rxe7 0-1


[Site "https://www.chess.com"]

[Event "Titled Tuesday Blitz June 27 Late 2023"]
[White "Erdogmus, Yagiz Kaan"]
[Black "Isajevsky, Anton"]
[WhiteFideId "44599790"]
[BlackFideId "4142500"]
[WhiteElo "2869"]
[BlackElo "2612"]
[Result "1-0"]
[Round "3"]
[TimeControl "180+2"]
[Date "2023.06.27"]
[WhiteClock "0:00:11"]
[BlackClock "0:00:00"]
[Board "32"]

1. e4 c5 2. Nf3 d6 3. d4 cxd4 4. Nxd4 Nf6 5. Nc3 a6 6. h3 e5 7. Nde2 h5 8. g3 Nbd7 9. a4 b6 10. Bg2 Bb7 11. O-O Be7 12. Be3 O-O 13. Nd5 Nxd5 14. exd5 Rc8 15. h4 Nf6 16. b3 Ng4 17. Bd2 b5 18. axb5 axb5 19. Ba5 Qd7 20. Qd2 Bd8 21. Bxd8 Qxd8 22. Nc3 Qb6 23. Ne4 Rfd8 24. Rad1 b4 25. Qg5 Rxc2 26. Qxh5 Nh6 27. Nf6+ Kf8 28. Qg5 gxf6 29. Qxh6+ Ke7 30. h5 Ba6 31. Be4 Rb2 32. Bd3 Bxd3 33. Rxd3 Rc8 34. Rf3 1-0


[Site "https://www.chess.com"]

[Event "Titled Tuesday Blitz June 27 Late 2023"]
[White "Holt, Conrad"]
[Black "Grinev, Valeriy"]
[WhiteFideId "2034387"]
[BlackFideId "14117517"]
[WhiteElo "2868"]
[BlackElo "2611"]
[Result "1-0"]
[Round "3"]
[TimeControl "180+2"]
[Date "2023.06.27"]
[WhiteClock "0:00:41"]
[BlackClock "0:00:51"]
[Board "33"]

1. d4 Nf6 2. c4 e6 3. Nc3 d5 4. cxd5 exd5 5. Bg5 c6 6. e3 Be7 7. Bd3 h6 8. Bh4 O-O 9. Nge2 Ne8 10. Bxe7 Qxe7 11. O-O Nd6 12. Ng3 a5 13. Re1 Na6 14. Rc1 Nc7 15. Na4 Ne6 16. Nb6 Ra7 17. Qa4 Qd8 18. Qb3 g6 19. Red1 Kg7 20. Nxc8 Qxc8 21. e4 Nf4 22. e5 Nxd3 23. Rxd3 Nc4 24. Qc2 a4 25. b3 axb3 26. axb3 Na3 27. Qd2 h5 28. Nxh5+ Kg8 29. Qh6 1-0


[Site "https://www.chess.com"]

[Event "Titled Tuesday Blitz June 27 Late 2023"]
[White "Vdovin, Vadim"]
[Black "Elsa167"]
[WhiteFideId "24107158"]
[WhiteElo "2603"]
[BlackElo "2864"]
[Result "0-1"]
[Round "3"]
[TimeControl "180+2"]
[Date "2023.06.27"]
[WhiteClock "0:00:00"]
[BlackClock "0:00:33"]
[Board "34"]

1. e4 c5 2. Nf3 e6 3. g3 Nc6 4. Bg2 Nf6 5. Qe2 e5 6. O-O d6 7. d3 g6 8. a4 Bg7 9. Na3 O-O 10. Bg5 Bg4 11. Nc4 Nd4 12. Qd1 h6 13. Bd2 Re8 14. Ne3 Nxf3+ 15. Bxf3 Bh3 16. Re1 Qd7 17. Kh1 h5 18. Rg1 Be6 19. c4 Ng4 20. Bxg4 hxg4 21. Rf1 f5 22. f3 gxf3 23. Qxf3 Rf8 24. exf5 gxf5 25. Nd5 Rae8 26. Bc3 Qf7 27. Rae1 Bxd5 28. Qxd5 Qxd5+ 29. cxd5 Kh7 30. Kg2 Kg6 31. Re2 Rf7 32. Ref2 Bh6 33. g4 Bf4 34. h3 Rh7 35. Bd2 Bxd2 36. Rxd2 f4 37. Rdf2 Kg5 38. Rf3 b5 39. Ra1 Rb8 40. axb5 Rxb5 41. Rxa7 Rxb2+ 42. Kg1 Rxa7 0-1


[Site "https://www.chess.com"]

[Event "Titled Tuesday Blitz June 27 Late 2023"]
[White "Licznerski, Lukasz"]
[Black "Ballester Llagaria, Luis Eduardo"]
[WhiteFideId "1179250"]
[BlackFideId "2297620"]
[WhiteElo "2859"]
[BlackElo "2594"]
[Result "1-0"]
[Round "3"]
[TimeControl "180+2"]
[Date "2023.06.27"]
[WhiteClock "0:00:04"]
[BlackClock "0:00:14"]
[Board "35"]

1. e4 c5 2. Nf3 e6 3. d4 cxd4 4. Nxd4 Nc6 5. Nc3 Qc7 6. Be3 a6 7. Qd2 Nf6 8. f3 Be7 9. g4 O-O 10. g5 Ne8 11. O-O-O b5 12. Nxc6 dxc6 13. h4 e5 14. Kb1 Be6 15. Bh3 Rd8 16. Qe2 Nd6 17. b3 Nb7 18. Bxe6 fxe6 19. Qg2 Bc5 20. Bc1 Bd4 21. Ne2 b4 22. Qg4 Nc5 23. h5 Qf7 24. Rhf1 Qe7 25. a4 bxa3 26. Bxa3 a5 27. g6 h6 28. Nxd4 exd4 29. Bxc5 Qxc5 30. Qxe6+ Kh8 31. Qc4 Qxc4 32. bxc4 c5 33. f4 Rb8+ 34. Kc1 Rb4 35. f5 Re8 36. Rde1 Rxc4 37. Kd2 Rb4 38. e5 Rb6 39. f6 gxf6 40. exf6 Rxe1 41. Kxe1 Rb1+ 42. Ke2 Rxf1 43. Kxf1 a4 44. Ke2 a3 45. Kd3 a2 46. Ke4 a1=Q 47. Kf5 Kg8 48. Ke6 Qa2+ 49. Ke7 Qxc2 50. f7+ Kh8 51. f8=Q# 1-0


[Site "https://www.chess.com"]

[Event "Titled Tuesday Blitz June 27 Late 2023"]
[White "Pichot, Alan"]
[Black "Pinheiro, Iung Alicio de O."]
[WhiteFideId "110973"]
[BlackFideId "2104350"]
[WhiteElo "2857"]
[BlackElo "2571"]
[Result "0-1"]
[Round "3"]
[TimeControl "180+2"]
[Date "2023.06.27"]
[WhiteClock "0:00:28"]
[BlackClock "0:00:10"]
[Board "36"]

1. Nf3 d5 2. e3 Nf6 3. c4 c6 4. b3 Bf5 5. Bb2 h6 6. Be2 e6 7. O-O Be7 8. Nc3 O-O 9. d4 Nbd7 10. Bd3 Bxd3 11. Qxd3 a5 12. e4 dxe4 13. Nxe4 Nxe4 14. Qxe4 Nf6 15. Qe2 Qb6 16. Bc3 Bb4 17. Qc2 Bxc3 18. Qxc3 Qb4 19. Qc2 Rad8 20. a3 Qb6 21. Qc3 Qc7 22. Rfd1 Rfe8 23. Rd3 b6 24. Rad1 Rd6 25. c5 bxc5 26. dxc5 Rd5 27. Rxd5 exd5 28. Nd4 Ne4 29. Qc2 Qd7 30. f3 Ng5 31. Qd2 Ne6 32. Qxa5 Nxd4 33. Rxd4 Re2 34. h3 Qe6 35. Qc3 h5 36. Qd3 Re3 37. Qd2 Re2 38. Qf4 Qg6 39. Qb8+ Kh7 40. Rg4 hxg4 41. hxg4 Qb1+ 42. Kh2 Re6 43. Qd8 Rh6+ 44. Kg3 Qe1+ 45. Kf4 Rf6+ 46. Kg5 Qe5+ 47. Kh4 Qh2+ 48. Kg5 Qh6# 0-1


[Site "https://www.chess.com"]

[Event "Titled Tuesday Blitz June 27 Late 2023"]
[White "Krzyzanowski, Marcin"]
[Black "ElDivis"]
[WhiteFideId "1132199"]
[WhiteElo "2843"]
[BlackElo "2565"]
[Result "1-0"]
[Round "3"]
[TimeControl "180+2"]
[Date "2023.06.27"]
[WhiteClock "0:00:05"]
[BlackClock "0:00:00"]
[Board "37"]

1. e4 c5 2. Nf3 d6 3. d4 cxd4 4. Nxd4 Nf6 5. Nc3 g6 6. Nb3 Bg7 7. Be2 O-O 8. O-O Nc6 9. Re1 Be6 10. Bf1 a5 11. a4 Nb4 12. Nd4 Rc8 13. Nxe6 fxe6 14. g3 Nd7 15. Bh3 Nc5 16. Be3 Kh8 17. f3 Qe8 18. Kg2 Qf7 19. Rf1 Nd7 20. f4 Nc5 21. Kg1 Rcd8 22. Qe2 Nc6 23. Bxc5 dxc5 24. e5 Nd4 25. Qg2 Rd7 26. Ne4 b6 27. c3 Nf5 28. Qe2 h6 29. Rad1 Rfd8 30. Rxd7 Rxd7 31. Qb5 Qe8 32. Re1 Qd8 33. Bf1 Kh7 34. Qe2 h5 35. Ng5+ Kh8 36. Nxe6 Qg8 37. Ng5 Bh6 38. Nf7+ Qxf7 39. e6 Qe8 40. exd7 Qxd7 41. Rd1 Qc6 42. Qe5+ Bg7 43. Qd5 Qc7 44. Bc4 Nh6 45. Qd8+ Qxd8 46. Rxd8+ 1-0


[Site "https://www.chess.com"]

[Event "Titled Tuesday Blitz June 27 Late 2023"]
[White "Bazeev, German"]
[Black "Manukyan, Artyom"]
[WhiteFideId "24119350"]
[BlackFideId "13305786"]
[WhiteElo "2810"]
[BlackElo "2557"]
[Result "1-0"]
[Round "3"]
[TimeControl "180+2"]
[Date "2023.06.27"]
[WhiteClock "0:00:36"]
[BlackClock "0:00:00"]
[Board "38"]

1. d4 d5 2. Nf3 Nf6 3. c4 e6 4. g3 Be7 5. Bg2 O-O 6. O-O dxc4 7. Qc2 a6 8. Rd1 Bd7 9. Ne5 Bc6 10. Nxc6 Nxc6 11. Qxc4 Nd5 12. e3 Bf6 13. Nc3 Nb6 14. Qe2 Qe7 15. Ne4 h6 16. Bd2 Nd5 17. Rac1 Rfd8 18. h4 Rac8 19. Nc5 b6 20. Nxa6 Qd7 21. Qb5 Ra8 22. Qxc6 Qxc6 23. Rxc6 Rxa6 24. a3 Ra7 25. Rdc1 Rd7 26. Be1 Be7 27. h5 Bd6 28. R6c2 f5 29. e4 fxe4 30. Bxe4 c5 31. dxc5 Bxc5 32. b4 Bf8 33. Rc6 Kf7 34. Bg6+ Kf6 35. Bc3+ Nxc3 36. R1xc3 Rd6 37. Rf3+ Kg5 38. b5 Rd1+ 39. Kg2 Bd6 40. Rxb6 Rxa3 41. Rxa3 Bxa3 42. Rxe6 Rd2 43. Re3 Bb4 44. b6 Rb2 45. Kh3 Bd6 46. Re6 Bb8 47. f4+ Bxf4 48. gxf4+ Kxf4 49. Be4 Rb4 50. b7 Kg5 51. Re8 1-0


[Site "https://www.chess.com"]

[Event "Titled Tuesday Blitz June 27 Late 2023"]
[White "Haydon, David L"]
[Black "O`Gorman, Tom"]
[WhiteFideId "415405"]
[BlackFideId "2508249"]
[WhiteElo "2805"]
[BlackElo "2556"]
[Result "1-0"]
[Round "3"]
[TimeControl "180+2"]
[Date "2023.06.27"]
[WhiteClock "0:00:06"]
[BlackClock "0:00:05"]
[Board "39"]

1. d4 d5 2. Nf3 e6 3. g3 Nf6 4. Bg2 Be7 5. O-O O-O 6. c4 c6 7. Qc2 a5 8. Nc3 Nbd7 9. Rd1 b6 10. e4 dxc4 11. a4 Ba6 12. Nd2 Rc8 13. d5 cxd5 14. exd5 exd5 15. Nxd5 Nxd5 16. Bxd5 Ne5 17. Ne4 Nd3 18. Nc3 Bc5 19. Be3 Bxe3 20. fxe3 Qg5 21. Qd2 Nc5 22. Qf2 Rce8 23. e4 Qe5 24. Rf1 Re7 25. Rad1 g6 26. h4 Kg7 27. Rd2 h5 28. Kh2 Rd8 29. Qe3 Rd6 30. Rdf2 f6 31. Qf3 Nd3 32. Rd2 Rc7 33. Kg2 Nb4 34. Rdf2 Bc8 35. Kh2 Bg4 36. Qg2 Nd3 37. Nb5 Nxf2 38. Nxc7 Nd3 39. Nb5 Rd8 40. Bxc4 Nxb2 41. Bd5 Nxa4 42. Qc2 Nc5 43. Nc3 Rc8 44. Na4 Nxa4 45. Qxa4 Qb2+ 46. Kg1 Rc2 47. e5 Qc3 48. Qf4 Qxe5 49. Qxe5 fxe5 50. Rf7+ Kh6 51. Re7 Rc8 52. Rb7 a4 53. Rxb6 a3 54. Ra6 Rc3 55. Be4 Rxg3+ 56. Kf2 Rc3 57. Rxg6+ Kh7 58. Rc6+ Kg7 59. Rxc3 Kf6 60. Rxa3 1-0


[Site "https://www.chess.com"]

[Event "Titled Tuesday Blitz June 27 Late 2023"]
[White "Khamzin, Olzhas"]
[Black "Kushko, Dmitriy"]
[WhiteFideId "13701690"]
[BlackFideId "14162261"]
[WhiteElo "2553"]
[BlackElo "2798"]
[Result "1-0"]
[Round "3"]
[TimeControl "180+2"]
[Date "2023.06.27"]
[WhiteClock "0:00:20"]
[BlackClock "0:00:01"]
[Board "40"]

1. e4 g6 2. Nc3 Bg7 3. g3 e5 4. Bg2 Ne7 5. Nge2 O-O 6. h4 h6 7. h5 g5 8. g4 d5 9. Ng3 d4 10. Nb1 d3 11. cxd3 Nbc6 12. d4 exd4 13. d3 Ne5 14. Nf5 Nxf5 15. exf5 c5 16. O-O Rb8 17. f4 gxf4 18. Bxf4 Qh4 19. Nd2 Bd7 20. Nf3 Nxf3+ 21. Qxf3 Bc6 22. Qg3 Qxg3 23. Bxg3 Bxg2 24. Kxg2 Rbe8 25. Rae1 Bf6 26. Bd6 Rxe1 27. Rxe1 Rc8 28. b3 Rc6 29. Bf4 Kg7 30. Kf3 b5 31. Rc1 Be7 32. Ke4 Ra6 33. Rc2 Ra3 34. Kd5 Bf8 35. Kc6 c4 36. dxc4 d3 37. Rd2 bxc4 38. bxc4 Bb4 39. Rd1 Kg8 40. Kb5 a5 41. c5 Rc3 42. c6 Kf8 43. Bd2 Rc2 44. Bxb4+ axb4 45. Rxd3 Ke7 46. Kb6 Rxa2 47. c7 Rc2 48. Kb7 1-0


[Site "https://www.chess.com"]

[Event "Titled Tuesday Blitz June 27 Late 2023"]
[White "Droin, Augustin"]
[Black "Leitao, Rafael"]
[WhiteFideId "45105987"]
[BlackFideId "2101246"]
[WhiteElo "2552"]
[BlackElo "2792"]
[Result "1/2-1/2"]
[Round "3"]
[TimeControl "180+2"]
[Date "2023.06.27"]
[WhiteClock "0:00:17"]
[BlackClock "0:00:19"]
[Board "41"]

1. e4 e5 2. Nf3 Nc6 3. Bc4 Nf6 4. d3 Be7 5. a4 d6 6. O-O O-O 7. h3 a5 8. Nc3 Be6 9. Bxe6 fxe6 10. d4 exd4 11. Nxd4 Qd7 12. Be3 Nxd4 13. Qxd4 e5 14. Qc4+ Rf7 15. f4 exf4 16. Bxf4 Qc6 17. Qxc6 bxc6 18. e5 dxe5 19. Bxe5 Raf8 20. Rad1 Bc5+ 21. Bd4 Bb6 22. Bxb6 cxb6 23. Rd6 Rc8 24. Re1 Rfc7 25. Ne4 Nxe4 26. Rxe4 Kf7 27. Ree6 b5 28. b3 bxa4 29. bxa4 Rb8 30. Rxc6 Rxc6 31. Rxc6 Rb4 32. Kf2 Rxa4 33. Ke3 Rb4 34. Ra6 a4 35. c3 Rc4 36. Kd3 Rf4 37. c4 g5 38. Rxa4 Rf2 39. Ra7+ Kg6 40. c5 Rxg2 41. c6 Rg1 42. Ra2 Re1 43. c7 Re8 44. Kd4 Rc8 45. Rc2 Kh5 46. Kd5 Kh4 47. Rc3 h5 48. Kd6 g4 49. hxg4 hxg4 50. Kd7 Rxc7+ 51. Rxc7 g3 52. Ke6 g2 53. Rg7 Kh3 54. Kf5 Kh2 55. Rh7+ Kg3 56. Rg7+ Kf2 57. Rxg2+ Kxg2 1/2-1/2


[Site "https://www.chess.com"]